 Dungeon Crawl Stone Soup version 0.28-a0-1143-gcf6077d4cc (webtiles) character file.

Game seed: 1601402643939593652

114 ytrimaz the Shield-Bearer (level 5, -1/42 HPs)
             Began as a Formicid Fighter on Dec 13, 2021.
             Slain by Grinder (6 damage)
             ... on level 4 of the Dungeon.
             The game lasted 00:02:28 (2246 turns).

ytrimaz the Shield-Bearer (Formicid Fighter)        Turns: 2246, Time: 00:02:29

Health: -1/42      AC:  9    Str: 23    XL:     5   Next: 19%
Magic:  5/5        EV:  8    Int:  7    God:
Gold:   182        SH:  5    Dex: 16    Spells: 4/4 levels left

rFire   . . .      SeeInvis +   a - +0 war axe (freeze)
rCold   . . .      Faith    .   c - +0 buckler
rNeg    . . .      Spirit   .   h - +0 chain mail
rPois   .          Reflect  .   (helmet unavailable)
rElec   .          Harm     .   (no cloak)
rCorr   +          Rampage  .   (no gloves)
Will    .....                   (no boots)
Stlth   ..........              (no amulet)
HPRegen 0.14/turn               f - +6 ring of dexterity
MPRegen 0.09/turn               j - ring of resist corrosion

@: invisible
A: permanent stasis, dig shafts and tunnels, antennae 3, four strong arms
a: Dig, Shaft Self


You were on level 4 of the Dungeon.
You visited 1 branch of the dungeon, and saw 4 of its levels.

You collected 182 gold pieces.

Inventory:

Hand Weapons
 a - a +0 war axe of freezing (weapon)
Missiles
 k - 2 boomerangs
 m - 4 javelins
Armour
 c - a +0 buckler (worn)
 h - a +0 chain mail (worn)
Jewellery
 b - a ring of wizardry
 f - a +6 ring of dexterity (left hand)
 j - a ring of resist corrosion (right hand)
Scrolls
 i - a scroll of amnesia
 l - 3 scrolls of identify
Potions
 d - a potion of might
 g - 2 potions of cancellation


   Skills:
 * Level 4.0 Fighting
 * Level 3.4 Axes
 * Level 4.0 Armour
 + Level 4.3 Shields


You had 4 spell levels left.
You didn't know any spells.
Your spell library contained the following spells:

 Spells                   Type           Power      Damage    Failure   Level
 Animate Dead             Necr           0%         N/A       100%        4
 Borgnjor's Vile Clutch   Necr/Erth      0%         N/A       100%        5
 Death Channel            Necr           0%         N/A       100%        6


Dungeon Overview and Level Annotations

Branches:
Dungeon (4/15)
 Temple: D:4-7

Altars:
Uskayaw
The Shining One

Annotations:
D:4 Grinder


Innate Abilities, Weirdness & Mutations

You cannot be hasted, slowed, berserked, paralysed or teleported.
You can dig through walls and to a lower floor.
You have a pair of large antennae on your head. (SInv)
Your four strong arms can wield two-handed weapons with a shield.


Message History

You block the ball python's attack. The ball python barely misses you.
Grinder blinks!
The ball python bites you but does no damage.
The ball python grabs you. The ball python constricts you.
You escape the ball python's grasp.
Unknown command.
Press: ? - help, v - describe, . - travel
Here: Grinder The floor.
You hit the ball python but do no damage.
You closely miss Grinder. You block the ball python's attack. x2
Grinder hits you.
You writhe in agony.
You block the ball python's attack. The ball python grabs you.
The ball python constricts you.
Unknown command.
You hit the ball python.
The ball python seems to slow down.
You freeze the ball python.
You kill the ball python!
You hit Grinder. Grinder hits you.
You writhe in agony.
Grinder hits you but does no damage.
Unknown command.
You barely miss Grinder.
Grinder is lightly wounded.
You block Grinder's attack.
You hit Grinder.
Grinder is lightly wounded.
Grinder gestures at you. Pain shoots through your body!
Unknown command.
You slash Grinder!
Grinder is moderately wounded.
Grinder hits you.
You writhe in agony.
* * * LOW HITPOINT WARNING * * *
Grinder hits you.
* * * LOW HITPOINT WARNING * * *
You writhe in agony.
* * * LOW HITPOINT WARNING * * *
You fade into invisibility!
Grinder says, "Don't move a muscle."
Grinder hits you.
You die...

#...#..###...... #.
#...#..[# ###..# ..#
..#..)#. ..#
.#...#...#.... .
.#...#...#...#..
#...#...#...#....
..#...#...#......
.#...#...#5....<..
...#...#..@.......
.#.......#............
..................<...
.......#.#............
......#####...........
(.....#.##............
......................
#..............#....
##.............#....


You could see Grinder.

Vanquished Creatures
  An orc wizard (D:3)
  2 adders (D:3)
  A white imp (D:4)
  A dart slug (D:1)
  4 orcs (D:3)
  5 ball pythons
  4 bats
  An endoplasm (D:1)
  A giant cockroach (D:4)
  4 goblins
  10 hobgoblins
  8 jackals
  4 kobolds
  3 quokkas (D:3)
  3 rats
52 creatures vanquished.

Vanquished Creatures (others)
  A plant (D:4)
1 creature vanquished.

Grand Total: 53 creatures vanquished

Notes
Turn   | Place    | Note
-------+----------+-------------------------------------------
     0 | D:1      | ytrimaz the Formicid Fighter began the quest for the Orb.
     0 | D:1      | Reached XP level 1. HP: 18/18 MP: 1/1
   317 | D:1      | Found a faded altar of an unknown god.
   458 | D:1      | Reached XP level 2. HP: 22/24 MP: 2/2
   960 | D:2      | Reached XP level 3. HP: 27/29 MP: 3/3
  1210 | D:2      | You fall into a shaft and drop 2 floors!
  1369 | D:3      | Reached XP level 4. HP: 37/37 MP: 4/4
  1555 | D:3      | Found a hide-covered altar of Uskayaw.
  1802 | D:3      | Reached XP level 5. HP: 42/42 MP: 5/5
  2142 | D:4      | Found a glowing golden altar of the Shining One.
  2233 | D:4      | Noticed Grinder
  2246 | D:4      | Slain by Grinder

Illustrated notes

Levels and vault maps discovered:
D:1:      dpeg_arrival_pits, layout_loops_corners, basic_ecumenical_altar
D:2:      layout_basic
D:3:      layout_basic, mainiacjoe_overflow_boulevard
D:4:      layout_cave_pools, tso_oasis_becter, minmay_temple_entry_butterflies,
          serial_shops, nicolae_shop_advertising_works
          [nicolae_subvault_shop_adworks], hex_large, uniq_grinder, uniq_pikel

Skill      XL: |  1  2  3  4  5 |
---------------+----------------+-----
Shields        | 4 |  4.3
Axes           | 3 |  3.4
Armour         | 4 |  4.0
Fighting       | 4 |  4.0

Action                   |  1- 3 |  4- 6 || total
-------------------------+-------+-------++-------
Melee: War axe           |    79 |    37 ||   116
 Abil: Dig               |       |     2 ||     2
  Use: Scroll            |     2 |     3 ||     5
       Potion            |       |     1 ||     1
Armor: Scale mail        |    34 |       ||    34
       Chain mail        |    15 |    18 ||    33
Dodge: Dodged            |    35 |    13 ||    48
Block: Buckler           |    24 |    13 ||    37

Table legend: (Time is in decaauts)
 A = Elapsed time spent in this place.
 B = Non-inter-level travel time spent in this place.
 C = Inter-level travel time spent in this place.
 D = Time resting spent in this place.
 E = Time spent auto-exploring this place.
 F = Levels seen in this place.
 G = Mean time per level.
                   A        B        C        D        E       F      G
               +--------+--------+--------+--------+--------+-----+--------+
         Total |   2289 |   2222 |     67 |      0 |   1762 |   4 |  572.2 |
       Dungeon |   2289 |   2222 |     67 |      0 |   1762 |   4 |  572.2 |
               +--------+--------+--------+--------+--------+-----+--------+

Top non-repeatable levels by time:
     D:1: 971 daAuts
     D:3: 777 daAuts
     D:2: 401 daAuts
     D:4: 137 daAuts
